[Event "January 2 Late 2024"]
[Site "https://www.chess.com"]
[Date "2024.01.02"]
[Round "7"]
[White "Anna20240"]
[Black "Thake, Conrad"]
[Result "1-0"]
[Board "184"]
[TimeControl "180+1"]
[BlackFideId "5602947"]
[WhiteElo "1800"]
[BlackElo "1888"]
[BlackTeam "MLT"]
[WhiteClock "0:00:35"]
[BlackClock "0:01:02"]

1. d4 Nf6 2. c4 g6 3. Nf3 d5 4. g3 Bg7 5. Bg2 dxc4 6. Na3 O-O 7. Nxc4 Be6 8. Ne3 c6 9. O-O Nd5 10. Ng5 Nxe3 11. Bxe3 Bd5 12. Nf3 Nd7 13. Bf4 Re8 14. Qd3 f5 15. Ne5 Nxe5 16. Bxe5 Bxg2 17. Kxg2 Qd5+ 18. f3 Bxe5 19. dxe5 Qxe5 20. Rfe1 Rad8 21. Qb3+ Qd5 22. Qxb7 Rd7 23. Qb4 c5 24. Qc3 Qd4 25. Rac1 Qxc3 26. Rxc3 Rd5 27. Rc2 Red8 28. Rec1 Rd2 29. Kf2 c4 30. Ke3 Kf7 31. Rxd2 1-0

[Event "January 2 Late 2024"]
[Site "https://www.chess.com"]
[Date "2024.01.02"]
[Round "7"]
[White "Sarquis, Maria Belen"]
[Black "Hilby, Craig"]
[Result "0-1"]
[Board "185"]
[TimeControl "180+1"]
[WhiteFideId "111805"]
[BlackFideId "2062674"]
[WhiteElo "2207"]
[BlackElo "2594"]
[WhiteTeam "ARG"]
[BlackTeam "USA"]
[WhiteClock "0:00:00"]
[BlackClock "0:00:05"]

1. e4 g6 2. d4 Bg7 3. Nc3 d6 4. f4 a6 5. Nf3 b5 6. a3 Nd7 7. Bd3 c5 8. Be3 Nh6 9. h3 Bb7 10. O-O O-O 11. Qd2 cxd4 12. Nxd4 Kh8 13. g4 Nc5 14. Rae1 e5 15. Nb3 Nxd3 16. Qxd3 exf4 17. Bxf4 Qh4 18. Na5 Bc8 19. Qg3 Qxg3+ 20. Bxg3 Bxc3 21. bxc3 Be6 22. Bxd6 Rfc8 23. Rd1 Kg7 24. Bg3 f6 25. e5 f5 26. Rd6 Re8 27. Bh4 fxg4 28. Bf6+ Kg8 29. h4 Nf5 30. Rb6 Rac8 31. Nc6 Bd5 32. Nd4 Nxd4 33. cxd4 Rxc2 34. Rd6 Be4 35. Rf2 Rc1+ 36. Kh2 Rec8 37. Rd7 R8c2 38. Rg7+ Kf8 39. Rxc2 Rxc2+ 40. Kg3 Bf5 41. Kf4 Rc3 42. Rxh7 g3 43. e6 Bxe6 44. Ke5 g2 45. Kxe6 Re3+ 46. Be5 Rxe5+ 47. dxe5 g1=Q 48. Kf6 Qf2+ 49. Kxg6 Qc2+ 50. Kh6 Qf5 0-1

[Event "January 2 Late 2024"]
[Site "https://www.chess.com"]
[Date "2024.01.02"]
[Round "7"]
[White "Winkels, Marcel"]
[Black "Kubatko, Ivan"]
[Result "0-1"]
[Board "186"]
[TimeControl "180+1"]
[WhiteFideId "1003887"]
[BlackFideId "24111473"]
[WhiteElo "2000"]
[BlackElo "2324"]
[WhiteTeam "NED"]
[BlackTeam "RUS"]
[WhiteClock "0:00:00"]
[BlackClock "0:00:10"]

1. e4 d5 2. exd5 Qxd5 3. Nc3 Qa5 4. d4 Nf6 5. Bd2 Nc6 6. Bc4 Bg4 7. f3 Be6 8. Nd5 Qxd5 9. Bxd5 Bxd5 10. Ne2 O-O-O 11. b3 Be6 12. Be3 Bf5 13. O-O e5 14. c3 Bd6 15. d5 Be7 16. c4 Nb4 17. Qd2 Nc2 18. Rac1 Nxe3 19. Qxe3 Nd7 20. Qxa7 Bc5+ 21. Qxc5 Nxc5 22. Ng3 Bg6 23. Rfe1 f6 24. Re3 Rhe8 25. b4 Nd3 26. Rc3 Nf4 27. Ra3 Kb8 28. Ra5 h5 29. Rea3 Kc8 30. Ra8+ Kd7 31. R8a7 Rb8 32. Nf1 Ne2+ 33. Kf2 Nd4 34. c5 Ke7 35. Ne3 Kf8 36. R3a5 Red8 37. a4 Bf7 38. c6 bxc6 39. Rxc7 cxd5 40. Raa7 Bg8 41. b5 Ne6 42. Re7 d4 43. Nf5 d3 44. Nxg7 Nxg7 45. Rxg7 d2 46. Rgd7 d1=Q 47. Rxd1 Rxd1 48. Ra6 Rd2+ 49. Kg3 Rb2 50. Ra7 Rb4 0-1

[Event "January 2 Late 2024"]
[Site "https://www.chess.com"]
[Date "2024.01.02"]
[Round "8"]
[White "Nakamura, Hikaru"]
[Black "Caruana, Fabiano"]
[Result "1/2-1/2"]
[Board "1"]
[TimeControl "180+1"]
[WhiteFideId "2016192"]
[BlackFideId "2020009"]
[WhiteElo "3285"]
[BlackElo "3060"]
[WhiteTeam "USA"]
[BlackTeam "USA"]
[WhiteClock "0:00:03"]
[BlackClock "0:00:05"]

1. e4 c5 2. Nf3 d6 3. d4 cxd4 4. Qxd4 Nf6 5. c4 Nc6 6. Qe3 g6 7. Be2 Bg7 8. Nc3 O-O 9. O-O Bg4 10. Rd1 Nd7 11. Nd5 e6 12. Nc3 Qe7 13. b3 Rfd8 14. Bb2 a6 15. Rd2 h5 16. Rad1 Bxf3 17. Bxf3 Nc5 18. Be2 Rd7 19. Nb1 Bxb2 20. Rxb2 e5 21. Nc3 Qd8 22. Nd5 Kg7 23. b4 Ne6 24. Nb6 Ncd4 25. Nxa8 Qxa8 26. Bf1 a5 27. a3 b6 28. b5 Rc7 29. h4 Qd8 30. g3 Qf6 31. Kg2 Rc5 32. Rbd2 Rc8 33. Kh1 Rh8 34. Bh3 Nc5 35. f4 Re8 36. Rxd4 exd4 37. Rxd4 Kf8 38. Bg2 Rd8 39. Kh2 Qe6 40. Qc3 Qf6 41. Qe3 Qe6 42. Rd5 Re8 43. e5 dxe5 44. Rxe5 Qc8 45. Bd5 Rxe5 46. Qxe5 Qg4 47. Qb8+ Kg7 48. Qxb6 Qe2+ 49. Bg2 Nd3 50. Qd4+ Kg8 51. Qe4 Qd2 52. b6 Nf2 53. b7 Nxe4 54. b8=Q+ Kh7 55. Qb7 Nf2 56. Qxf7+ Kh6 57. Qf8+ Kh7 58. Qe7+ Kh6 59. Qg5+ Kh7 60. Qe7+ Kh6 61. Qg5+ Kh7 62. Qe7+ 1/2-1/2

[Event "January 2 Late 2024"]
[Site "https://www.chess.com"]
[Date "2024.01.02"]
[Round "8"]
[White "Le, Tuan Minh"]
[Black "Firouzja, Alireza"]
[Result "1-0"]
[Board "2"]
[TimeControl "180+1"]
[WhiteFideId "12401153"]
[BlackFideId "12573981"]
[WhiteElo "3025"]
[BlackElo "3162"]
[WhiteTeam "VIE"]
[BlackTeam "FRA"]
[WhiteClock "0:00:08"]
[BlackClock "0:00:00"]

1. d4 Nf6 2. c4 g6 3. Nf3 Bg7 4. g3 O-O 5. Bg2 d6 6. O-O Ne4 7. Qc2 f5 8. Rd1 Nc6 9. a3 Qe8 10. d5 Nd8 11. Nbd2 Nc5 12. Rb1 f4 13. e4 fxe3 14. fxe3 a5 15. b3 e6 16. e4 exd5 17. cxd5 Bg4 18. Re1 Nf7 19. Bb2 Bxb2 20. Rxb2 Ne5 21. Qc3 Ned3 22. Re3 Nxb2 23. Qxb2 Qf7 24. h3 Bxf3 25. Nxf3 Rae8 26. e5 dxe5 27. Nxe5 Qf6 28. Qe2 Nd7 29. Nxd7 Qd4 30. Nxf8 Rxe3 31. Qf2 Qd1+ 32. Kh2 Re2 33. Qf3 Rxg2+ 34. Kxg2 Qxf3+ 35. Kxf3 Kxf8 36. Kf4 Ke7 37. Ke5 Kd7 38. g4 g5 39. Kf5 Kd6 40. Kxg5 Kxd5 41. Kh6 c5 42. a4 b5 43. axb5 c4 44. bxc4+ Kc5 45. b6 Kxb6 46. Kxh7 a4 47. g5 a3 48. g6 a2 49. g7 a1=Q 50. g8=Q Qe5 51. Qd5 Qe7+ 52. Kg6 Qe8+ 53. Kf6 Qh8+ 54. Ke7 Qxh3 55. Qd6+ Ka5 56. Qc5+ Ka4 57. Qb5+ Ka3 58. Kd6 Qg3+ 59. Kc6 Qg6+ 60. Kb7 Qg7+ 61. Ka6 Qf6+ 62. Qb6 Qf1 63. Qc5+ Kb3 64. Qb5+ Kc3 65. c5 Qf6+ 66. c6 Qd6 67. Kb7 Qe7+ 68. c7 1-0

[Event "January 2 Late 2024"]
[Site "https://www.chess.com"]
[Date "2024.01.02"]
[Round "8"]
[White "Paravyan, David"]
[Black "Bortnyk, Olexandr"]
[Result "1/2-1/2"]
[Board "3"]
[TimeControl "180+1"]
[WhiteFideId "4194985"]
[BlackFideId "14120828"]
[WhiteElo "3112"]
[BlackElo "3017"]
[WhiteTeam "FID"]
[BlackTeam "UKR"]
[WhiteClock "0:00:06"]
[BlackClock "0:00:02"]

1. e4 Nf6 2. e5 Nd5 3. d4 d6 4. c4 Nb6 5. exd6 exd6 6. h3 Be7 7. Nf3 O-O 8. Bd3 Nc6 9. O-O Nb4 10. b3 Bf6 11. Nc3 Nxd3 12. Qxd3 Re8 13. Bf4 Be6 14. Rfe1 h6 15. a4 a6 16. a5 Nd7 17. Ne4 Bf5 18. Ra2 Rxe4 19. Rxe4 Nf8 20. Rae2 d5 21. cxd5 Qxd5 22. Bxc7 Re8 23. Be5 Bxe5 24. Nxe5 f6 25. Qc4 Bxe4 26. Nd3 Qxc4 27. bxc4 Nd7 28. Nf4 Kf7 29. Rb2 g5 30. Ne2 Bd3 31. Nc3 Bxc4 32. Rxb7 Re7 33. d5 Ne5 34. Rb6 Bd3 35. d6 Rd7 36. Nd5 Nc4 37. Rxa6 Nxd6 38. Rb6 Nc4 39. Rxf6+ Kg7 40. Nb6 Ra7 41. Rc6 Nxa5 42. Rd6 Nc4 43. Nxc4 Bxc4 44. Rd4 Bb5 45. h4 Kg6 46. Rd6+ Kh5 47. hxg5 hxg5 48. f3 Be8 49. Kh2 Bg6 50. g4+ Kh6 51. Kg3 Ra3 52. Kf2 Rb3 53. Rd4 Rb2+ 54. Kg3 Rb3 55. Kf2 Ra3 56. f4 gxf4 57. Rxf4 Kg5 58. Rf3 Ra2+ 59. Kg3 Be4 60. Rc3 Rg2+ 61. Kh3 Kf4 62. Rc8 Rg1 63. Rf8+ Ke3 64. Kh4 Bf3 65. Re8+ Kf2 66. Kg5 Rxg4+ 67. Kf5 Ra4 68. Rb8 Kg3 69. Rg8+ Bg4+ 70. Ke5 Ra5+ 71. Ke4 Ra1 72. Ke5 Re1+ 73. Kd4 Kf4 74. Rf8+ Bf5 75. Rh8 Rd1+ 76. Kc5 Ke4 77. Rh4+ Ke5 78. Rh5 Rc1+ 79. Kb5 Ke4 80. Kb6 Be6 81. Rc5 Rd1 82. Rh5 Kd4 83. Kc6 Ra1 84. Kd6 Ra6+ 85. Ke7 Bd5 86. Rh2 Be4 87. Re2 Ke5 88. Re1 Ra7+ 89. Ke8 Kf5 90. Kd8 Bd5 91. Re7 Ra6 92. Kc7 Be6 93. Kb7 Rd6 94. Rh7 Ke5 95. Kc7 Ra6 96. Kb7 Ra2 97. Kc6 Bd5+ 98. Kc5 Rc2+ 99. Kb5 Kd4 100. Rh4+ Be4 101. Kb4 Rb2+ 102. Ka4 Rb8 103. Rg4 Kd5 104. Ka3 Bd3 105. Rb4 Rc8 106. Rh4 Rc1 107. Kb2 Rg1 108. Kc3 Rg3 109. Rd4+ Kc5 110. Rxd3 Rxd3+ 111. Kxd3 1/2-1/2

[Event "January 2 Late 2024"]
[Site "https://www.chess.com"]
[Date "2024.01.02"]
[Round "8"]
[White "Kollars, Dmitrij"]
[Black "Oparin, Grigoriy"]
[Result "1/2-1/2"]
[Board "4"]
[TimeControl "180+1"]
[WhiteFideId "12909572"]
[BlackFideId "24125890"]
[WhiteElo "3008"]
[BlackElo "3054"]
[WhiteTeam "GER"]
[BlackTeam "USA"]
[WhiteClock "0:00:13"]
[BlackClock "0:00:12"]

1. e4 c6 2. Nc3 d5 3. Nf3 Bg4 4. d4 e6 5. Be2 Bb4 6. O-O Nd7 7. h3 Bh5 8. Bf4 Ne7 9. exd5 exd5 10. a3 Ba5 11. Re1 O-O 12. b4 Bc7 13. Qd2 Bxf3 14. Bxf3 Ng6 15. Bg5 f6 16. Be3 f5 17. Bg5 Nf6 18. g3 Qd6 19. Bxf6 Rxf6 20. Qd3 Nf8 21. Na4 b6 22. c4 dxc4 23. Qxc4+ Kh8 24. Nc3 Rd8 25. b5 Ne6 26. Rxe6 Qxe6 27. Qxe6 Rxe6 28. bxc6 a6 29. d5 Re5 30. a4 g6 31. Rb1 Kg7 32. Be2 Rexd5 33. Nxd5 Rxd5 34. Bxa6 Kf6 35. Re1 g5 36. Re8 Rd8 37. Re2 f4 38. Kg2 fxg3 39. fxg3 h5 40. Bc4 Rd6 41. Rf2+ Kg6 42. Bb5 g4 43. h4 Rf6 44. Bd3+ Kg7 45. Rxf6 Kxf6 46. Be4 Kf7 47. Bf5 Kf6 48. Bd7 Kf7 49. Bc8 Ke7 50. Ba6 Kf6 51. Bb5 Ke7 52. Bd3 Kf6 53. Be2 Ke7 54. Kf2 Kf6 55. Bd3 Kf7 56. Bf5 Kf6 57. Bc8 Ke7 58. Bd7 Kf7 59. Bf5 Kf6 60. Be4 Kf7 61. Bd3 Kf6 62. Be2 Kf7 63. Bd1 Kf6 64. Bb3 Ke7 65. Bd5 Kf6 66. Bc4 Ke7 67. Ba6 Kf6 68. Bc8 Ke7 69. Bd7 Kf7 70. Ke3 Bxg3 71. Ke4 Ke7 72. Bf5 Kd6 73. Bg6 Bxh4 74. Bxh5 g3 75. Bf3 Kxc6 76. Kf4+ Kc5 77. Kg4 Kb4 78. Kxh4 Kxa4 79. Kxg3 b5 80. Bc6 Kb4 81. Bxb5 1/2-1/2

[Event "January 2 Late 2024"]
[Site "https://www.chess.com"]
[Date "2024.01.02"]
[Round "8"]
[White "Iturrizaga Bonelli, Eduardo"]
[Black "Radjabov, Teimour"]
[Result "0-1"]
[Board "5"]
[TimeControl "180+1"]
[WhiteFideId "3901211"]
[BlackFideId "13400924"]
[WhiteElo "2993"]
[BlackElo "3036"]
[WhiteTeam "ESP"]
[BlackTeam "AZE"]
[WhiteClock "0:00:00"]
[BlackClock "0:00:02"]

1. c4 e5 2. g3 c6 3. d4 e4 4. d5 Nf6 5. Bg2 Bb4+ 6. Bd2 Qe7 7. Nc3 cxd5 8. Nxd5 Nxd5 9. cxd5 O-O 10. Nh3 Bxd2+ 11. Qxd2 d6 12. Ng5 f5 13. h4 Na6 14. O-O Bd7 15. Rac1 Rfc8 16. b4 Nc7 17. Nh3 Qe5 18. Nf4 Nb5 19. Kh2 Nc3 20. a3 Rc4 21. e3 Rac8 22. Rg1 g6 23. Bh3 Nb5 24. Rxc4 Rxc4 25. g4 Nxa3 26. Qa2 Rc3 27. gxf5 Bxf5 28. Rg5 h6 29. Rg3 Qf6 30. Bxf5 Qxf5 31. Qa1 Nb5 32. Qa5 Qd7 33. Rxg6+ Kh7 34. Qa1 Qe7 35. Kg3 Rc8 36. h5 Nc3 0-1

[Event "January 2 Late 2024"]
[Site "https://www.chess.com"]
[Date "2024.01.02"]
[Round "8"]
[White "Bluebaum, Matthias"]
[Black "Salem, A.R. Saleh"]
[Result "1/2-1/2"]
[Board "6"]
[TimeControl "180+1"]
[WhiteFideId "24651516"]
[BlackFideId "9301348"]
[WhiteElo "3029"]
[BlackElo "2982"]
[WhiteTeam "GER"]
[BlackTeam "UAE"]
[WhiteClock "0:00:09"]
[BlackClock "0:00:04"]

1. d4 Nf6 2. c4 g6 3. Nc3 Bg7 4. e4 O-O 5. Nf3 d6 6. Be2 e5 7. Be3 Qe7 8. dxe5 dxe5 9. Nd5 Qd8 10. Bg5 Nbd7 11. O-O h6 12. Bh4 g5 13. Nxf6+ Nxf6 14. Bg3 Qe7 15. Qc2 Nd7 16. Rad1 Re8 17. h3 a5 18. Nh2 Nf8 19. Bg4 Ne6 20. Bxe6 Bxe6 21. Ng4 Qc5 22. Ne3 c6 23. Rd3 Red8 24. Rfd1 Rd4 25. b3 Rad8 26. Kh2 h5 27. f3 b5 28. Bf2 Qd6 29. Rxd4 exd4+ 30. Kh1 Qc5 31. Nf5 Bxf5 32. exf5 Bf6 33. Qd3 h4 34. Re1 a4 35. cxb5 cxb5 36. bxa4 bxa4 37. Rd1 Qd5 38. Rd2 Qe5 39. Re2 Qc5 40. Rc2 Qd5 41. Rd2 Kg7 42. Rc2 Re8 43. Rd2 Rd8 44. Rc2 Rd7 45. Rd2 Qc5 46. Rc2 Qd6 47. Rd2 Qf4 48. Rd1 Be5 49. Kg1 Re7 50. Kf1 Rd7 51. Qe4 Kf6 52. Qxf4 gxf4 53. Bxh4+ Kxf5 54. Ke2 Rb7 55. Kd3 Rb2 56. Rd2 Rb1 57. Bf2 a3 58. Bxd4 Bxd4 59. Kxd4 Ra1 60. Kc3 Rb1 61. Kc4 Kg5 62. Rd5+ Kh4 63. Ra5 Rb2 64. Rxa3 Rxg2 65. Kd4 Kxh3 66. Ra7 Kg3 67. a4 Kxf3 68. Rxf7 Re2 69. Kc5 Rc2+ 70. Kb5 Ke3 71. a5 Rb2+ 72. Kc6 Ra2 73. Kb6 f3 74. a6 f2 75. a7 Ke2 76. Rxf2+ Kxf2 77. Kb7 Ke3 78. a8=Q Rxa8 79. Kxa8 1/2-1/2

[Event "January 2 Late 2024"]
[Site "https://www.chess.com"]
[Date "2024.01.02"]
[Round "8"]
[White "Sanal, Vahap"]
[Black "Xiong, Jeffery"]
[Result "0-1"]
[Board "7"]
[TimeControl "180+1"]
[WhiteFideId "6300545"]
[BlackFideId "2047640"]
[WhiteElo "2905"]
[BlackElo "3025"]
[WhiteTeam "TUR"]
[BlackTeam "USA"]
[WhiteClock "0:00:02"]
[BlackClock "0:00:41"]

1. e4 c5 2. Nf3 d6 3. d4 cxd4 4. Nxd4 Nf6 5. Nc3 a6 6. a4 e5 7. Nf3 Be7 8. Bg5 Be6 9. Bxf6 Bxf6 10. Nd5 Nd7 11. Bc4 Rc8 12. b3 Qa5+ 13. b4 Qd8 14. Bb3 a5 15. c3 O-O 16. Qd2 Nb6 17. Nxb6 Qxb6 18. Bxe6 fxe6 19. O-O Rc4 20. Rfd1 axb4 21. cxb4 Qxb4 22. Qxb4 Rxb4 23. Rxd6 Rxe4 24. Rxe6 Ra8 25. a5 Rb4 26. Nxe5 Re4 27. f4 Rxf4 28. Re1 h5 29. g3 Rb4 30. Nd7 Bd4+ 31. Kg2 Rxa5 32. Re8+ Kh7 33. Nf8+ Kh6 34. R1e2 Rb2 35. Rxb2 Bxb2 36. Ne6 Be5 37. Re7 b6 38. h4 Ra3 39. Ng5 Bxg3 40. Re6+ g6 41. Nf3 Bc7 42. Rc6 Ra7 43. Nd4 Bd8 44. Kg3 Ra3+ 45. Kf4 Ra4 46. Ke5 Bxh4 47. Nf5+ Kg5 48. Nxh4 Rxh4 0-1

[Event "January 2 Late 2024"]
[Site "https://www.chess.com"]
[Date "2024.01.02"]
[Round "8"]
[White "Melkumyan, Hrant"]
[Black "Sarana, Alexey"]
[Result "0-1"]
[Board "8"]
[TimeControl "180+1"]
[WhiteFideId "13302485"]
[BlackFideId "24133795"]
[WhiteElo "2892"]
[BlackElo "3020"]
[WhiteTeam "ARM"]
[BlackTeam "SRB"]
[WhiteClock "0:00:00"]
[BlackClock "0:00:15"]

1. Nf3 d5 2. d4 Nf6 3. c4 e6 4. Nc3 Nbd7 5. Qc2 dxc4 6. e4 c5 7. Bxc4 cxd4 8. Nxd4 Ne5 9. Bb5+ Bd7 10. O-O Bc5 11. Rd1 Qb6 12. Bxd7+ Nfxd7 13. Nb3 Bb4 14. Be3 Qa6 15. Rd4 Be7 16. Rad1 Nb6 17. Bf4 Nc6 18. R4d2 O-O 19. a3 Rac8 20. h3 Nc4 21. Rd7 Nb6 22. R7d2 Rfe8 23. Nd4 Nc4 24. Nxc6 Qxc6 25. Rd3 b5 26. Qe2 a6 27. Na2 a5 28. Rc1 Qb7 29. Rdd1 Red8 30. Rxd8+ Rxd8 31. a4 Bd6 32. axb5 Bxf4 33. Rxc4 Qxb5 34. g3 Bg5 35. Rc2 Qb3 36. Nc3 h6 37. Kg2 Rc8 38. Qd1 Bf6 39. Rd2 Qxd1 40. Nxd1 g5 41. f4 gxf4 42. gxf4 Rc4 43. Kf3 Rb4 44. e5 Be7 45. Rd3 Bc5 46. b3 Bd4 47. Ne3 Bxe3 48. Kxe3 Kg7 49. Kf3 Kg6 50. Kg4 h5+ 51. Kg3 Kf5 52. Rf3 Rd4 53. Kh4 Kg6 54. Rg3+ Kh6 55. Rf3 Re4 56. Kg3 Rb4 57. f5 Kg5 58. fxe6 fxe6 59. Rf6 Rxb3+ 60. Kf2 Rb6 61. Kg3 h4+ 62. Kf3 a4 63. Rf8 Ra6 64. Ke4 a3 65. Rg8+ Kh6 66. Rg1 a2 67. Ra1 Ra4+ 68. Kd3 Kg5 69. Kc3 Kf4 70. Kc2 Kxe5 71. Kc3 Ra8 72. Kb2 Kf4 73. Rf1+ Kg3 74. Ka1 Kxh3 75. Re1 Ra6 76. Rg1 Kh2 77. Rg6 h3 78. Rg4 e5 0-1

[Event "January 2 Late 2024"]
[Site "https://www.chess.com"]
[Date "2024.01.02"]
[Round "8"]
[White "Czarnota, Pawel"]
[Black "Nihal Sarin"]
[Result "0-1"]
[Board "9"]
[TimeControl "180+1"]
[WhiteFideId "1121219"]
[BlackFideId "25092340"]
[WhiteElo "2846"]
[BlackElo "3201"]
[WhiteTeam "POL"]
[BlackTeam "IND"]
[WhiteClock "0:00:00"]
[BlackClock "0:00:13"]

1. e4 c5 2. Nf3 d6 3. d4 cxd4 4. Nxd4 Nf6 5. Nc3 a6 6. Be3 e6 7. a4 Nc6 8. Be2 Be7 9. O-O O-O 10. f4 Nb4 11. a5 Bd7 12. Kh1 Rc8 13. Bf3 Qc7 14. Qd2 Rfd8 15. Qf2 Be8 16. Nb3 Nd7 17. Ra4 Nc6 18. Rc4 Qb8 19. Nd5 exd5 20. exd5 Nce5 21. Rxc8 Qxc8 22. fxe5 Nxe5 23. Bb6 Rd7 24. Be4 g6 25. Nd4 Bd8 26. Bxd8 Qxd8 27. b4 Qc7 28. Nf3 Re7 29. Nxe5 Rxe5 30. Bf3 Bb5 31. Rd1 Qe7 32. h3 Be2 33. Rd4 Bxf3 34. Qxf3 Rf5 35. Re4 Qf6 36. Qd3 h5 37. Kh2 Kh7 38. Qd4 Kg7 39. c4 Qxd4 40. Rxd4 Kf6 41. c5 Ke7 42. c6 bxc6 43. dxc6 Kd8 44. Rxd6+ Kc7 45. Rd7+ Kxc6 46. Ra7 Kb5 47. Rb7+ Kc4 48. Rb6 h4 49. Rxa6 Kxb4 50. Ra7 Kb5 51. Kg1 Ka4 52. Kh2 Rf1 53. a6 Kb5 54. Ra8 Kb6 55. a7 Rf4 56. Kg1 Kb7 57. Rb8+ Kxa7 58. Rb2 Ka6 59. Rb3 Ka5 60. g3 hxg3 61. Kg2 Rb4 62. Ra3+ Kb6 63. Kxg3 Kc6 64. Ra7 Rb7 65. Rxb7 Kxb7 66. Kf4 f6 67. h4 Kc6 68. Kg4 Kd5 69. h5 gxh5+ 70. Kxh5 f5 0-1

[Event "January 2 Late 2024"]
[Site "https://www.chess.com"]
[Date "2024.01.02"]
[Round "8"]
[White "Naroditsky, Daniel"]
[Black "Tari, Aryan"]
[Result "1-0"]
[Board "10"]
[TimeControl "180+1"]
[WhiteFideId "2026961"]
[BlackFideId "1510045"]
[WhiteElo "3142"]
[BlackElo "2911"]
[WhiteTeam "USA"]
[BlackTeam "NOR"]
[WhiteClock "0:00:10"]
[BlackClock "0:00:00"]

1. e4 e5 2. Nf3 Nc6 3. Nc3 Nf6 4. g3 d5 5. exd5 Nxd5 6. Bg2 Nxc3 7. bxc3 Bd6 8. O-O O-O 9. d4 h6 10. Re1 Qf6 11. Be3 Bf5 12. dxe5 Nxe5 13. Nxe5 Bxe5 14. Bd4 Bxd4 15. Qxd4 Qxd4 16. cxd4 Rad8 17. c3 b6 18. Re7 Rd7 19. Rae1 c5 20. Rxd7 Bxd7 21. Re7 Rd8 22. dxc5 bxc5 23. Bd5 Be6 24. Bxe6 fxe6 25. Rxe6 Rd3 26. Re3 Rd2 27. a4 Ra2 28. Re4 Kf7 29. h4 Ra3 30. Rc4 Ke6 31. Rxc5 Rxa4 32. h5 a5 33. Rc6+ Kf5 34. Kg2 Ra2 35. Kf3 a4 36. Rc5+ Kf6 37. Ke3 a3 38. Ra5 Ra1 39. Ra6+ Kf7 40. Kd4 a2 41. Kc4 Ke7 42. Kb3 Rh1 43. Rxa2 Rxh5 44. Ra7+ Kf6 45. c4 Rh1 46. Rd7 Ke6 47. Rxg7 Rf1 48. f4 Kf6 49. Rg8 Kf7 50. Rg4 Kf6 51. c5 h5 52. Rg8 Kf7 53. Rg5 h4 54. gxh4 Rxf4 55. h5 Ke6 56. c6 Kd6 57. Rg6+ Kc7 58. h6 Rh4 59. Kc3 Rh1 60. Kd4 Rh2 61. Ke5 Rh1 62. Kf6 1-0

[Event "January 2 Late 2024"]
[Site "https://www.chess.com"]
[Date "2024.01.02"]
[Round "8"]
[White "Nepomniachtchi, Ian"]
[Black "Ibarra Jerez, Jose Carlos"]
[Result "1-0"]
[Board "11"]
[TimeControl "180+1"]
[WhiteFideId "4168119"]
[BlackFideId "2226332"]
[WhiteElo "3121"]
[BlackElo "2896"]
[WhiteTeam "RUS"]
[BlackTeam "ESP"]
[WhiteClock "0:00:34"]
[BlackClock "0:00:00"]

1. e4 a6 2. d4 e6 3. Nf3 d5 4. Nc3 Nf6 5. Bd3 c5 6. exd5 cxd4 7. Nxd4 Nxd5 8. O-O Nxc3 9. bxc3 Be7 10. Qh5 g6 11. Qh6 Bf8 12. Qh3 Bg7 13. Ba3 Bf8 14. Bxf8 Kxf8 15. Qh6+ Kg8 16. Rfd1 Qf8 17. Qe3 Qe7 18. Rab1 Kg7 19. Be4 Rd8 20. g3 e5 21. Bg2 Qf6 22. Nb3 Rxd1+ 23. Rxd1 Nc6 24. Qc5 Be6 25. h4 Rc8 26. Qb6 Bg4 27. Re1 Nd8 28. Qe3 Bf5 29. Nc5 b6 30. Nxa6 e4 31. Bxe4 Rxc3 32. Qd2 Bxe4 33. Rxe4 Rc8 34. Nb4 Ne6 35. Kg2 Qb2 36. h5 Qf6 37. h6+ Kf8 38. Nd5 Qb2 39. Rxe6 fxe6 40. Qf4+ Ke8 41. Nf6+ Ke7 42. Nxh7 Qxc2 43. Qf6+ Kd6 44. Ng5 Qc6+ 45. Kh2 Qd5 46. h7 Rc1 47. Qd8+ 1-0

[Event "January 2 Late 2024"]
[Site "https://www.chess.com"]
[Date "2024.01.02"]
[Round "8"]
[White "Duda, Jan-Krzysztof"]
[Black "Livaic, Leon"]
[Result "1/2-1/2"]
[Board "12"]
[TimeControl "180+1"]
[WhiteFideId "1170546"]
[BlackFideId "14531534"]
[WhiteElo "3048"]
[BlackElo "2905"]
[WhiteTeam "POL"]
[BlackTeam "CRO"]
[WhiteClock "0:00:04"]
[BlackClock "0:00:08"]

1. e4 e6 2. d4 d5 3. Bd3 c5 4. exd5 exd5 5. Nf3 c4 6. Be2 Nf6 7. O-O Nc6 8. Re1 Be7 9. b3 cxb3 10. axb3 O-O 11. Bd3 Bg4 12. c3 Re8 13. h3 Bh5 14. Bg5 Ne4 15. Bxe7 Rxe7 16. Re3 Qd6 17. Qc2 Rae8 18. b4 Bxf3 19. Rxf3 Ng5 20. Nd2 Re1+ 21. Rxe1 Rxe1+ 22. Bf1 Nxf3+ 23. Nxf3 Re7 24. Qa4 a6 25. b5 axb5 26. Qxb5 g6 27. h4 h6 28. g3 Kg7 29. Kg2 Rc7 30. Qb6 Rd7 31. Bd3 Qa3 32. Ne5 Nxe5 33. dxe5 Qe7 34. Qd4 Kg8 35. f4 Rc7 36. f5 gxf5 37. Bxf5 Rc4 38. Qxd5 Rxc3 39. e6 fxe6 40. Bxe6+ Kg7 41. Qd4+ Qf6 42. Qg4+ Kf8 43. Qb4+ Kg7 44. Qxb7+ Kg6 45. Qe4+ Kg7 46. Bd5 Rc7 47. Qg4+ Kf8 48. Qe2 Re7 49. Qd2 Kg7 50. Qd3 Qe5 51. Qd2 Qe2+ 52. Qxe2 Rxe2+ 53. Kf3 Rd2 54. Be4 Kf6 55. Kf4 Rf2+ 56. Bf3 Ra2 57. Ke3 Ra3+ 58. Kf4 Ra4+ 59. Be4 Rb4 60. g4 Rb2 61. g5+ hxg5+ 62. hxg5+ Ke6 63. Bf5+ Kf7 64. Bg4 Rb4+ 65. Kg3 Kg6 66. Bf3 Kxg5 67. Kf2 Kf4 68. Bh5 Rb2+ 69. Ke1 Ke3 70. Kd1 Rb5 71. Bf7 Rc5 72. Bg8 Kd3 73. Bh7+ Kc3 74. Ke2 Re5+ 75. Kf3 Kd4 76. Kf4 Re1 77. Kf5 Rh1 78. Kg6 Rg1+ 79. Kf7 Ke5 80. Bg6 Ra1 81. Kg7 Ra7+ 82. Kh8 Kf6 83. Bh7 Rb7 84. Bg8 Kg6 85. Bd5 Rh7+ 86. Kg8 Rc7 87. Be4+ Kf6 88. Kh8 Rc8+ 89. Kh7 Rc5 90. Bd3 Kf7 91. Bg6+ Kf6 92. Bb1 Rh5+ 93. Kg8 Rg5+ 94. Kh8 Rg3 95. Bh7 Kf7 96. Be4 Rh3+ 97. Bh7 Ra3 98. Be4 Kf8 99. Kh7 Ra6 100. Bg6 Ke7 101. Kg7 Ra1 102. Be4 Re1 103. Bd5 Rg1+ 104. Kh8 Kf8 105. Be4 Rg8+ 106. Kh7 Rg4 107. Bf5 Rg5 108. Bg6 Ke7 109. Bd3 Kf7 110. Kh6 Kf6 111. Kh7 Rg7+ 112. Kh8 Kf7 113. Bc4+ Kg6 114. Bd3+ Kh6 115. Bc4 Re7 116. Bg8 Kg6 1/2-1/2

[Event "January 2 Late 2024"]
[Site "https://www.chess.com"]
[Date "2024.01.02"]
[Round "8"]
[White "Martinez Alcantara, Jose Eduardo"]
[Black "Szpar, Milosz"]
[Result "0-1"]
[Board "13"]
[TimeControl "180+1"]
[WhiteFideId "3805662"]
[BlackFideId "1184989"]
[WhiteElo "3046"]
[BlackElo "2874"]
[WhiteTeam "PER"]
[BlackTeam "POL"]
[WhiteClock "0:00:11"]
[BlackClock "0:00:05"]

1. e4 e6 2. d4 d5 3. Nd2 Be7 4. e5 c5 5. c3 Nc6 6. Bd3 Bd7 7. Ndf3 f6 8. Ne2 fxe5 9. dxe5 Qc7 10. Bf4 O-O-O 11. O-O Nh6 12. b4 Nf7 13. bxc5 g5 14. Bg3 Bxc5 15. Ned4 h5 16. h3 g4 17. hxg4 hxg4 18. Nb5 Qb8 19. Nfd4 Ncxe5 20. Bg6 Rh6 21. Bxf7 Rdh8 22. f3 Bxb5 23. Re1 Nd3 24. Bxe6+ Rxe6 25. Bxb8 Rxe1+ 26. Qxe1 Nxe1 27. Be5 Nxf3+ 28. gxf3 Rg8 29. f4 Bd3 30. Kf2 g3+ 31. Ke3 Be4 32. Rg1 g2 33. Kf2 Be7 34. f5 Bh4+ 35. Ke2 Kd7 36. Ke3 Rg4 37. f6 Bg5+ 38. Ke2 Rh4 39. f7 Be7 40. Bf6 Rh3 41. Kf2 Rxc3 42. Nf3 Rc2+ 43. Kg3 Bd6+ 44. Be5 Rc8 45. Bxd6 Kxd6 46. Rxg2 Bxf3 47. Kxf3 Rf8 48. Rg7 Ke6 49. Ke3 Rxf7 50. Rg6+ Rf6 51. Rg7 Rf7 52. Rg6+ Ke5 53. Rg5+ Kd6 54. Rh5 Kc5 55. a4 Re7+ 56. Kd3 Rg7 57. Rh3 b6 58. Rh8 Kb4 59. Kd4 Kxa4 60. Kxd5 Kb5 61. Rh5 Rc7 62. Kd4+ Rc5 63. Rh1 a5 64. Rb1+ Ka6 65. Rg1 a4 66. Rg8 Ka5 67. Rb8 a3 68. Ra8+ Kb4 69. Ra6 b5 70. Rh6 Rc4+ 71. Kd5 a2 72. Rh1 Ka3 73. Rh3+ Kb2 74. Rh2+ Rc2 75. Rh1 a1=Q 0-1

[Event "January 2 Late 2024"]
[Site "https://www.chess.com"]
[Date "2024.01.02"]
[Round "8"]
[White "Kadric, Denis"]
[Black "Makarian, Rudik"]
[Result "1-0"]
[Board "14"]
[TimeControl "180+1"]
[WhiteFideId "14403803"]
[BlackFideId "44105681"]
[WhiteElo "2839"]
[BlackElo "3023"]
[WhiteTeam "MNE"]
[BlackTeam "FID"]
[WhiteClock "0:00:23"]
[BlackClock "0:00:00"]

1. e4 c5 2. Nc3 Nc6 3. Nge2 d6 4. d4 cxd4 5. Nxd4 Nf6 6. Bc4 e6 7. Be3 Bd7 8. Bb3 Rc8 9. f4 Be7 10. Ndb5 O-O 11. Nxd6 Bxd6 12. Qxd6 Qa5 13. O-O-O Nb4 14. a3 Na6 15. e5 Ng4 16. Bxa7 Bc6 17. Bxe6 Rcd8 18. Qe7 Rde8 19. Qg5 Rxe6 20. Qxg4 Rg6 21. Qh4 Rxg2 22. Rhg1 g6 23. Bd4 Qd8 24. Qh6 Rxg1 25. Bxg1 Qe7 26. f5 gxf5 27. Bd4 Bf3 28. Rg1+ Bg4 29. Nd5 1-0